 Dungeon Crawl Stone Soup version 0.32-a0-898-g7811c86cf0 (webtiles) character file.

Game seed: 6256384146417767247

1486 DeathSun the Cleaver (level 8, -3/63 HPs)
             Began as a Mountain Dwarf Fighter on Apr 4, 2024.
             Was a Believer of the Shining One.
             Slain by an ogre
             ... wielding a +0 giant club
              (33 damage)
             ... on level 6 of the Dungeon.
             The game lasted 00:11:36 (4282 turns).

DeathSun the Cleaver (Mountain Dwarf Fighter)       Turns: 4282, Time: 00:11:37

Health: -3/63      AC:  7    Str: 25    XL:     8   Next: 50%
Magic:  11/11      EV:  9    Int:  8    God:    the Shining One [**....]
Gold:   2164       SH:  0    Dex: 15    Spells: 7/7 levels left

rFire   . . .        a - +6 battleaxe of the Candle {venom, rCorr Stlth+}
rCold   . . .        (shield currently unavailable)
rNeg    + . .        b - +0 scale mail
rPois   .            w - -1 helmet "Zyatiybu" {Rampage Regen+}
rElec   .            (no cloak)
rCorr   +            (no gloves)
SInv    .            (no boots)
Will    .....        t - amulet of faith
Stlth   +            A - ring of Quer {Str+3 Dex+6 Slay+6}
HPRegen 1.10/turn    (no ring)
MPRegen 0.12/turn

%: rampage, faith
@: glowing, studying Dodging
A: runic magic, artefact enchanting
a: Renounce Religion, Divine Shield


You were on level 6 of the Dungeon.
You worshipped the Shining One.
The Shining One was pleased with you.
You visited 1 branch of the dungeon, and saw 6 of its levels.

You collected 2416 gold pieces.
You spent 252 gold pieces at shops.

Inventory:

Hand Weapons
 a - the +6 battleaxe of the Candle (weapon) {venom, rCorr Stlth+}
   (You acquired it on level 6 of the Dungeon)

   rCorr:     It protects you from acid and corrosion.
   Stlth+:    It makes you more stealthy.
Armour
 b - a +0 scale mail (worn)
 c - a +0 buckler
 w - the -1 helmet "Zyatiybu" (worn) {Rampage Regen+}
   (You acquired it on level 6 of the Dungeon)

   Regen+:    It increases your rate of health regeneration.
   Rampage:   It bestows one free step when moving towards enemies.
Jewellery
 e - an amulet of guardian spirit
 t - an amulet of faith (around neck)
 u - an amulet of regeneration
 x - an amulet of magic regeneration
 A - the ring of Quer (left hand) {Str+3 Dex+6 Slay+6}
   (You found it on level 6 of the Dungeon)

   [ring of dexterity]

   Str+3:     It affects your strength (+3).
   Dex+6:     It affects your dexterity (+6).
   Slay+6:    It affects your accuracy & damage with ranged weapons and melee
   (+6).
Wands
 v - a wand of iceblast (15)
Scrolls
 f - a scroll of enchant armour {unknown}
 h - 4 scrolls of identify
 i - a scroll of immolation {unknown}
 j - a scroll of revelation {unknown}
 k - 3 scrolls of teleportation {unknown}
 l - 3 scrolls of noise {unknown}
 n - 2 scrolls of enchant weapon
 p - a scroll of blinking {unknown}
 q - a scroll of poison {unknown}
 s - a scroll of brand weapon {unknown}
 y - a scroll of amnesia {unknown}
Potions
 d - a potion of might
 g - 3 potions of resistance {unknown}
 m - 2 potions of haste {unknown}
 o - 2 potions of degeneration {unknown}
 r - a potion of mutation {unknown}
 z - a potion of brilliance {unknown}


   Skills:
 - Level 3.2 Fighting
 * Level 11.9 Axes
 - Level 3.2 Armour
 - Level 3.2 Shields
 - Level 5.0 Invocations


You had 7 spell levels left.
You didn't know any spells.
Your spell library contained the following spells:

 Spells                   Type           Power      Damage    Failure   Level
 Magic Dart               Conj           0%         1d3       47%         1
 Blink                    Tloc           0%         N/A       63%         2
 Call Imp                 Summ           0%         N/A       63%         2
 Inner Flame              Hex/Fire       0%         N/A       85%         3
 Flame Wave               Conj/Fire      0%         2d4       99%         4
 Sticky Flame             Fire/Alch      0%         2d4       99%         4


Dungeon Overview and Level Annotations

Branches:
Dungeon (6/15)             Temple (0/1) D:5

Altars:
Trog
Vehumet
Xom
Zin
The Shining One

Shops:
D:4 !   D:6 *


Innate Abilities, Weirdness & Mutations

Your spellcasting is much less encumbered by armour.
You can use scrolls of enchantment on lesser artefacts.


Message History

You rampage towards the wight!
You slice the wight!!
You destroy the wight!
The Shining One accepts your kill.
The wight hits you from afar with a +0 halberd.
You partially resist.
You feel drained.
Your life force feels restored.
The wight completely misses you.
Things that are here:
a +3 great sword; a +0 robe You slash the wight!
The wight is moderately damaged.
The wight barely misses you.
You slash the wight!
You destroy the wight!
The Shining One accepts your kill.
You feel better.
No target in view!
Things that are here:
a +0 halberd; a +0 robe
Things that are here:
a +0 robe; a +2 short sword An ogre comes into view.
It is wielding a +0 giant club.
An ogre is nearby!
An ogre is nearby!
You rampage towards the ogre!
Found a shimmering altar of Xom.
You rampage towards the ogre!
You barely miss the ogre. The ogre hits you with a +0 giant club.
You hit the ogre.
The ogre is lightly wounded.
The ogre hits you with a +0 giant club!!
You are too injured to fight recklessly!
You are too injured to fight recklessly!
You are too injured to fight recklessly!
You hit the ogre.
The ogre is poisoned.
The ogre is moderately wounded.
You slash the ogre!
The ogre looks as sick as possible!
The ogre is severely wounded.
The ogre hits you with a +0 giant club!!
Ouch! That really hurt!
You die...

######### ........#
###### ........# #.....
........# #.....
........###########.....
......O@................
........###########.....
#.#.....# ########.....
._....... .............
#.#.....# ########.....
........# #.....
........# #.....
######### ###### ######


You could see an ogre (extremely poisoned).

Vanquished Creatures
  A sky beast (D:6)
  2 black bears (D:6)
  An ogre (D:5)
  2 phantoms (D:6)
  A bullfrog (D:5)
  A scorpion (D:5)
  5 wights (D:6)
  A bombardier beetle (D:5)
  A hound (D:6)
  An orc priest (D:5)
  A gnoll bouda (D:6)
  2 jellies
  3 iguanas
  Ijyb (D:5)
  2 sleepcaps
  An orc wizard (D:5)
  5 adders
  3 gnolls (D:6)
  2 white imps (D:5)
  2 ufetubi (D:6)
  6 dart slugs
  14 orcs
  8 ball pythons
  7 endoplasms
  8 giant cockroaches
  3 hobgoblins
  15 jackals
  9 kobolds
  2 quokkas (D:1)
  9 bats
  A frilled lizard (D:2)
  6 goblins
  10 rats
136 creatures vanquished.

Notes
Turn   | Place    | Note
-------+----------+-------------------------------------------
     0 | D:1      | DeathSun the Mountain Dwarf Fighter began the quest for the
                  | Orb.
     0 | D:1      | Reached XP level 1. HP: 19/19 MP: 1/1
    40 | D:1      | Reached skill level 3 in Axes
    44 | D:1      | Reached XP level 2. HP: 8/26 MP: 2/2
   153 | D:1      | Found a faded altar of an unknown god.
   361 | D:1      | Reached skill level 4 in Axes
   550 | D:1      | Reached XP level 3. HP: 31/31 MP: 3/3
  1199 | D:2      | Reached skill level 5 in Axes
  1435 | D:2      | Reached XP level 4. HP: 38/38 MP: 4/4
  1925 | D:2      | Reached skill level 6 in Axes
  2073 | D:3      | Found a glowing golden altar of the Shining One.
  2073 | D:3      | Found a bloodstained altar of Trog.
  2091 | D:3      | Became a worshipper of the Shining One
  2598 | D:4      | Reached XP level 5. HP: 41/45 MP: 5/5
  2920 | D:4      | Found Koetif's Distillery.
  2934 | D:4      | Bought a potion of heal wounds for 70 gold pieces
  2934 | D:4      | Bought a potion of heal wounds for 70 gold pieces
  2944 | D:4      | Reached skill level 7 in Axes
  3112 | D:4      | Found a radiant altar of Vehumet.
  3188 | D:4      | You fall into a shaft and drop 2 floors!
  3188 | D:6      | Found a glowing silver altar of Zin.
  3189 | D:6      | Identified 5 scrolls of acquirement
  3189 | D:6      | Noticed a phantom
  3199 | D:6      | Killed a phantom
  3200 | D:6      | Reached skill level 1 in Invocations
  3200 | D:6      | Reached XP level 6. HP: 50/51 MP: 5/7
  3222 | D:6      | Acquired a manual of Dodging
  3223 | D:6      | Acquired the -1 helmet "Zyatiybu" {Rampage Regen+}
  3229 | D:6      | Acquired the +6 battleaxe of the Candle {venom, rCorr
                  | Stlth+}
  3240 | D:6      | Acquired 845 gold pieces
  3241 | D:6      | Acquired 1253 gold pieces
  3279 | D:6      | Reached skill level 8 in Axes
  3364 | D:6      | Found Guvuacku's General Store.
  3372 | D:6      | Bought a scroll of enchant weapon for 112 gold pieces
  3434 | D:6      | Reached * piety under the Shining One
  3438 | D:6      | Noticed a sky beast
  3441 | D:6      | Reached XP level 7. HP: 25/57 MP: 9/9
  3453 | D:5      | Entered Level 5 of the Dungeon
  3453 | D:5      | Noticed Ijyb
  3470 | D:5      | Killed Ijyb
  3471 | D:5      | Reached skill level 9 in Axes
  3567 | D:5      | Reached skill level 5 in Invocations
  3604 | D:5      | Found a staircase to the Ecumenical Temple.
  3607 | D:5      | Reached skill level 10 in Axes
  3711 | D:4      | Reached XP level 8. HP: 63/63 MP: 11/11
  4193 | D:6      | Reached ** piety under the Shining One
  4194 | D:6      | Reached skill level 11 in Axes
  4199 | D:6      | Identified the ring of Quer {Str+3 Dex+6 Slay+6}
  4278 | D:6      | Found a shimmering altar of Xom.
  4282 | D:6      | Slain by an ogre

Illustrated notes

Levels and vault maps discovered:
D:1:      dpeg_arrival_central, layout_basic,
          dreamdust_ecumenical_altar_angels_and_demons, nrook_mini_vaults,
          minivault_23, chequers_big_river
D:2:      layout_basic
D:3:      layout_loops_ring, nicolae_overflow_two_pavilions
D:4:      layout_cave_pools, mainiacjoe_overflow_24_doors, serial_shops, shop,
          serial_bayou, serial_bayou_pond_a, serial_bayou_pond_d,
          serial_bayou_shore_b, serial_bayou_lagoon_b, small_statue_intersection
D:5:      layout_basic, minmay_temple_entry_statues_fountains, uniq_ijyb
D:6:      layout_basic, lemuel_crystal_altar, zin_academy, serial_shops,
          nicolae_shop_tiny_statue_garden, minmay_holes

Skill      XL: |  1  2  3  4  5  6  7  8 |
---------------+-------------------------+-----
Axes           | 3 4 5 6 7 8 10 11 | 11.9
Invocations    | 1 3 5 |  5.0
Fighting       | |  3.2
Armour         | |  3.2
Shields        | |  3.2

Action                     |  1- 3 |  4- 6 |  7- 9 || total
---------------------------+-------+-------+-------++-------
  Melee: War axe           |   147 |   123 |       ||   270
         Battleaxe         |       |    15 |    70 ||    85
    Use: Scroll            |       |     6 |       ||     6
         Potion            |       |       |     2 ||     2
 Armour: Scale mail        |   149 |   132 |    53 ||   334
  Dodge: Dodged            |    98 |    51 |    21 ||   170
  Block: Buckler           |    46 |    17 |       ||    63

Table legend: (Time is in decaauts)
 A = Elapsed time spent in this place.
 B = Non-inter-level travel time spent in this place.
 C = Inter-level travel time spent in this place.
 D = Time resting spent in this place.
 E = Time spent auto-exploring this place.
 F = Levels seen in this place.
 G = Mean time per level.
                   A        B        C        D        E       F      G
               +--------+--------+--------+--------+--------+-----+--------+
         Total |   4400 |   4295 |    105 |      0 |   3273 |   6 |  733.3 |
       Dungeon |   4400 |   4295 |    105 |      0 |   3273 |   6 |  733.3 |
               +--------+--------+--------+--------+--------+-----+--------+

Top non-repeatable levels by time:
     D:1: 1107 daAuts
     D:2: 945 daAuts
     D:4: 830 daAuts
     D:3: 635 daAuts
     D:5: 454 daAuts
     D:6: 427 daAuts
